 Dungeon Crawl Stone Soup version 0.17-a0-1647-gb11a595 (console) character file.

1970 Monkaria the Thaumaturge (level 9, -7/45 HPs)
             Began as a Deep Elf Conjurer on Aug 11, 2015.
             Killed themself with a badly aimed bolt of negative energy (9 damage)
             ... on level 6 of the Dungeon on Aug 12, 2015.
             The game lasted 00:16:40 (4772 turns).

Monkaria the Thaumaturge (Deep Elf Conjurer)        Turns: 4772, Time: 00:16:40

Health: -7/45      AC:  3    Str:  5    XL:     9   Next: 0%
Magic:  26/26      EV: 13    Int: 22    God:
Gold:   96         SH:  0    Dex: 19    Spells: 3 memorised, 23 levels left

rFire  . . .     SeeInvis .     (no weapon)
rCold  + . .     Clarity  .     t - +0 robe (curse)
rNeg   . . .     SustAt   .     (no shield)
rPois  .         Gourm    .     (no helmet)
rElec  .         Spirit   .     p - +0 cloak
rCorr  .         Warding  .     (no gloves)
rMut   .         Stasis   .     (no boots)
MR     .....                    i - amulet "Vecwif" {Faith Dex+4}
Stlth  ++........               z - ring of protection from cold
                                o - -2 ring of intelligence (curse)

@: lethally poisoned (-7 -> -20), drained, not resistant to hostile
enchantments, unstealthy
A: no striking features
a: no special abilities


You were on level 6 of the Dungeon.
You were not hungry.

You visited 2 branches of the dungeon, and saw 7 of its levels.

You collected 220 gold pieces.
You spent 124 gold pieces at shops.

Inventory:

Missiles
 n - 15 poisoned needles
 y - 8 javelins (quivered)
Armour
 p - a +0 cloak (worn)
 t - a cursed +0 robe (worn)
Jewellery
 i - the amulet "Vecwif" (around neck) {Faith Dex+4}
   (You found it on level 5 of the Dungeon)

   [amulet of faith]

   It allows you to gain divine favour quickly.
   It affects your dexterity (+4).
 o - a cursed -2 ring of intelligence (left hand)
 v - an uncursed ring of protection from fire
 z - a ring of protection from cold (right hand)
Magical devices
 g - a wand of random effects (39)
 h - a wand of digging (12)
Scrolls
 e - 3 scrolls of teleportation
 j - a scroll of noise {unknown}
 k - 2 scrolls of blinking {unknown}
 l - a scroll of immolation {unknown}
 u - 2 scrolls of magic mapping {unknown}
Potions
 d - a potion of haste
 f - 2 potions of brilliance
Books
 b - a book of Conjurations

   Spells                             Type                      Level
   a - Magic Dart                     Conjuration                  1
   b - Searing Ray                    Conjuration                  2
   c - Dazzling Spray                 Conjuration/Hexes            3
   d - Fulminant Prism                Conjuration/Hexes            4
   e - Iskenderun's Mystic Blast      Conjuration                  4
   f - Iskenderun's Battlesphere      Conjuration/Charms           5
Miscellaneous
 s - a plain deck of summoning
Comestibles
 c - 2 bread rations
 q - a beef jerky
 r - a slice of pizza
 w - 2 chunks of flesh


   Skills:
 - Level 2.4(1.9) Dodging
 - Level 2.4(1.9) Stealth
 + Level 11.1(10.6) Spellcasting
 - Level 10.0(9.5) Conjurations


You had 23 spell levels left.
You knew the following spells:

 Your Spells              Type           Power        Failure   Level  Hunger
a - Magic Dart            Conj           ####         1%          1    None
b - Searing Ray           Conj           ######       1%          2    None
c - Iskenderun's Mystic   Conj           ######..     1%          4    #......


Dungeon Overview and Level Annotations

Branches:
Dungeon (6/15)             Temple (1/1) D:5

Altars:
Ashenzari
Elyvilon
Fedhas
Gozag
Kikubaaqudgha
Makhleb
Nemelex Xobeh
Okawaru
Qazlal
Ru
Sif Muna
Trog
Zin
The Shining One

Shops:
D:4 =   D:6 *:


Message History

Your magical contamination has completely faded away.
You feel magically purged.
You flicker back into view.
* * * LOW HITPOINT WARNING * * *
You feel sick.
Wield which item (- for none, * to show all)? (? for menu, Esc to quit)
Okay, then.
Drink which item? (? for menu, Esc to quit)
It was a potion of magic.
Magic courses through your body.
* * * LOW HITPOINT WARNING * * *
You feel sick.
Read which item? (? for menu, Esc to quit)
Okay, then.
Okay, then.
Evoke which item? (* to show all) (? for menu, Esc to quit)
Zapping:
g - a wand of random effects (will waste charges)
Press: ? - help, Shift-Dir - straight line, f - you Really target yourself?
The bolt of negative energy hits you!
You feel drained.
You die...

..##### ##### #.## .....
#..#### ......
......#####.# ......
####........#####.$....
###..#####..........
######.................
................#######
....##.....####.@##...###
..#.....#.######)†.)....#
....#...#.....###.......#
♣.....#######.#####)..###
.♣...## ......).###
♣.♣..# ........# .♣..##
........# ♣...# ........#
....# ........#


There were no monsters in sight!

Vanquished Creatures
  Grinder (D:3)
  Sigmund (D:3)
  The ghost of clown the Slasher, an average DsAK of Lugonu (D:5)
  Purgy (D:3)
  A sky beast (D:6)
  3 centaurs (D:5)
  3 ogres
  Blork the orc (D:5)
  The ghost of timbw the Chopper, a weakling CeFi (D:5)
  3 wights (D:6)
  A crimson imp (D:6)
  2 jellies
  Crazy Yiuf (D:3)
  3 orc priests
  2 worker ants
  Terence (D:2)
  An iguana (D:6)
  3 orc wizards
  A hound zombie (D:6)
  3 gnolls (D:6)
  7 adders
  A shadow imp (D:5)
  An ooze (D:6)
  An adder skeleton (D:4)
  An adder zombie (D:6)
  3 worms
  11 orcs
  6 bats
  5 goblins
  9 hobgoblins
  2 jackals (D:5)
  2 ball pythons
  4 giant cockroaches
  3 giant geckos
  A giant gecko skeleton (D:4)
  5 giant newts
  3 kobolds
  A quokka (D:3)
  3 rats (D:2)
103 creatures vanquished.

Notes
Turn   | Place    | Note
--------------------------------------------------------------
     0 | D:1      | Monkaria the Deep Elf Conjurer began the quest for the Orb.
     0 | D:1      | Reached XP level 1. HP: 10/10 MP: 6/6
   337 | D:1      | Reached XP level 2. HP: 15/15 MP: 5/8
   390 | D:1      | Reached skill level 5 in Conjurations
   807 | D:2      | Learned a level 2 spell: Searing Ray
   834 | D:2      | Reached XP level 3. HP: 19/19 MP: 2/9
  1112 | D:2      | Noticed Terence
  1118 | D:2      | Killed Terence
  1118 | D:2      | Reached skill level 6 in Conjurations
  1276 | D:2      | Reached XP level 4. HP: 20/24 MP: 3/10
  1297 | D:2      | Found a deep blue altar of Sif Muna.
  1679 | D:3      | Noticed Sigmund
  1716 | D:3      | Killed Sigmund
  1716 | D:3      | Reached skill level 7 in Conjurations
  1716 | D:3      | Reached XP level 5. HP: 22/28 MP: 5/11
  1801 | D:3      | Noticed Purgy
  1808 | D:3      | Learned a level 4 spell: Iskenderun's Mystic Blast
  1925 | D:3      | Killed Purgy
  1925 | D:3      | Reached skill level 8 in Conjurations
  1925 | D:3      | Reached XP level 6. HP: 4/32 MP: 2/12
  2387 | D:3      | Noticed Grinder
  2394 | D:3      | Paralysed by Grinder for 6 turns
  2400 | D:3      | Killed Grinder
  2400 | D:3      | Reached skill level 9 in Conjurations
  2400 | D:3      | Reached XP level 7. HP: 34/36 MP: 3/13
  2545 | D:3      | Noticed Crazy Yiuf
  2551 | D:3      | Killed Crazy Yiuf
  2742 | D:4      | Reached skill level 10 in Conjurations
  2875 | D:4      | Found Oguoted's Jewellery Boutique.
  3084 | D:4      | Reached skill level 5 in Spellcasting
  3218 | D:5      | Entered Level 5 of the Dungeon
  3218 | D:5      | Found a sparkling altar of Nemelex Xobeh.
  3223 | D:5      | Noticed clown's ghost (average DsAK)
  3255 | D:5      | Killed clown's ghost
  3255 | D:5      | Reached XP level 8. HP: 20/41 MP: 2/20
  3483 | D:5      | Got a shimmering copper amulet
  3487 | D:5      | Identified the amulet "Vecwif" {Faith Dex+4} (You found it on level 5 of the Dungeon)
  3493 | D:5      | Noticed timbw's ghost (weakling CeFi)
  3501 | D:5      | Killed timbw's ghost
  3539 | D:5      | Noticed Blork the orc
  3573 | D:5      | Killed Blork the orc
  3683 | D:5      | Found a staircase to the Ecumenical Temple.
  4232 | Temple   | Entered the Ecumenical Temple
  4441 | D:6      | Found Illood's Assorted Antiques.
  4457 | D:6      | Bought a scroll labeled WEJENA UHYZI for 32 gold pieces
  4457 | D:6      | Bought a scroll labeled WEJENA UHYZI for 32 gold pieces
  4457 | D:6      | Bought a grey potion for 28 gold pieces
  4457 | D:6      | Bought a scroll labeled WEJENA UHYZI for 32 gold pieces
  4474 | D:6      | Found an iron altar of Okawaru.
  4485 | D:6      | Found Ahecrob's Book Boutique.
  4550 | D:6      | Reached skill level 10 in Spellcasting
  4765 | D:6      | Reached skill level 11 in Spellcasting
  4768 | D:6      | Reached XP level 9. HP: 8/45 MP: 12/26
  4771 | D:6      | HP: 2/45 [poisoned by an orc wizard]
  4772 | D:6      | Killed themself with a badly aimed bolt of negative energy

Vault maps used:
D:1:      dpeg_chamrin_arrival_tetris
D:2:      lemuel_blue_sif_altar, uniq_terence
D:3:      first_bread, uniq_sigmund, uniq_purgy, uniq_crazy_yiuf_cottage,
          uniq_grinder
D:4:      serial_shops, shop
D:5:      nemelex_deck, temple_doors_e, corner_web_ring, uniq_blork_the_orc
D:6:      lemuel_zombie_altar_yredelemnul, serial_shops, shop, shop,
          okawaru_trees_2
Temple:   circular_temple_12

Action                   |  1- 3 |  4- 6 |  7- 9 || total
-------------------------+-------+-------+-------++-------
Melee: Unarmed           |       |     1 |     2 ||     3
 Cast: Magic Dart        |    53 |    11 |    35 ||    99
       Searing Ray       |     2 |    11 |    39 ||    52
       Iskenderun's Myst |       |     1 |     1 ||     2
  Use: Potion            |       |     2 |     5 ||     7
       Scroll            |       |       |     6 ||     6
  Eat: Chunk             |     1 |     4 |     7 ||    12
